% Time on Ice - SALEM BLACK JAYS
Lines # - Real PCT - Wanted PCT - Time Play
Normal Forward
1 - 29% - 33% - 13:19
2 - 30% - 32% - 13:31
3 - 23% - 25% - 10:18
4 - 18% - 10% - 8:25
Normal Defense
1 - 35% - 36% - 16:06
2 - 26% - 31% - 11:50
3 - 29% - 23% - 13:22
4 - 9% - 10% - 4:15
PP Forward
1 - 55% - 55% - 3:57
2 - 45% - 45% - 3:12
PP Defense
1 - 58% - 55% - 4:08
2 - 42% - 45% - 3:01
PK Forward
1 - 54% - 55% - 2:53
2 - 46% - 45% - 2:26
PK Defense
1 - 57% - 55% - 3:03
2 - 43% - 45% - 2:16
PK3 Forward
1 - 0% - 55%
2 - 0% - 45%
PK3 Defense
1 - 0% - 55%
2 - 0% - 45%
44 Forward
1 - 50% - 55% - 0:59
2 - 50% - 45% - 1:00
44 Defense
1 - 50% - 55% - 0:59
2 - 50% - 45% - 1:00
Last Minute Offensive  - 0:00
Last Minute Defensive  - 0:00
Total
Forward - 60:00
Defense - 60:00
% Time on Ice - WINNIPEG BEAVERS
Lines # - Real PCT - Wanted PCT - Time Play
Normal Forward
1 - 31% - 33% - 14:19
2 - 29% - 31% - 13:05
3 - 27% - 26% - 12:29
4 - 12% - 10% - 5:40
Normal Defense
1 - 32% - 33% - 14:34
2 - 32% - 32% - 14:27
3 - 34% - 28% - 15:20
4 - 3% - 7% - 1:12
PP Forward
1 - 54% - 53% - 2:53
2 - 46% - 47% - 2:26
PP Defense
1 - 46% - 52% - 2:26
2 - 54% - 48% - 2:53
PK Forward
1 - 54% - 52% - 3:53
2 - 46% - 48% - 3:16
PK Defense
1 - 48% - 51% - 3:28
2 - 52% - 49% - 3:41
PK3 Forward
1 - 0% - 55%
2 - 0% - 45%
PK3 Defense
1 - 0% - 50%
2 - 0% - 50%
44 Forward
1 - 63% - 51% - 1:15
2 - 37% - 49% - 0:44
44 Defense
1 - 49% - 50% - 0:58
2 - 51% - 50% - 1:01
Last Minute Offensive  - 0:00
Last Minute Defensive  - 0:00
Total
Forward - 60:00
Defense - 60:00
Play-by-Play 1st period 0:01 of 1st period - Mathew Barzal wins face-off versus Joe Pavelski in neutral zone. 0:35 of 1st period - Shot by Mikko Rantanen. 0:35 of 1st period - Goal by Mikko Rantanen - SALEM BLACK JAYS : 1 - WINNIPEG BEAVERS : 0. 0:36 of 1st period - Dylan Larkin wins face-off versus Jordan Staal in neutral zone. 0:46 of 1st period - Icing by Chris Tanev. 0:47 of 1st period - Theodor Blueger wins face-off versus Jordan Staal in WINNIPEG BEAVERS zone. 0:58 of 1st period - Shot by Jordan Staal. 0:58 of 1st period - Shot Misses the Net. 1:00 of 1st period - Shot by Chris Tanev. 1:00 of 1st period - Stopped by Juuse Saros with a rebound. 1:10 of 1st period - Icing by Theodor Blueger. 1:11 of 1st period - Sean Kuraly wins face-off versus Theodor Blueger in SALEM BLACK JAYS zone. 1:21 of 1st period - Shot by Troy Terry. 1:21 of 1st period - Deflect By Brian Boyle. 1:21 of 1st period - Stopped by Anton Forsberg without a rebound. 1:22 of 1st period - Joe Thornton wins face-off versus Dylan Larkin in WINNIPEG BEAVERS zone. 1:45 of 1st period - Icing by Scott Mayfield. 1:46 of 1st period - Sean Kuraly wins face-off versus Dylan Larkin in SALEM BLACK JAYS zone. 2:17 of 1st period - Shot by Brandon Tanev. 2:17 of 1st period - Shot Misses the Net. 2:28 of 1st period - Icing by Carson Soucy. 2:29 of 1st period - Mathew Barzal wins face-off versus Sean Kuraly in WINNIPEG BEAVERS zone. 3:30 of 1st period - Shot by Joe Pavelski. 3:30 of 1st period - Shot Blocked by Nick Jensen. 3:32 of 1st period - Shot by Brad Marchand. 3:32 of 1st period - Shot Hit the Post. 3:37 of 1st period - Icing by Nick Jensen. 3:38 of 1st period - Mathew Barzal wins face-off versus Jordan Staal in SALEM BLACK JAYS zone. 3:54 of 1st period - Icing by Michael Del Zotto. 3:55 of 1st period - Joe Pavelski wins face-off versus Brian Boyle in SALEM BLACK JAYS zone. 4:08 of 1st period - Shot by Joe Pavelski. 4:08 of 1st period - Shot Misses the Net. 4:28 of 1st period - Shot by Theodor Blueger. 4:28 of 1st period - Shot Misses the Net. 4:34 of 1st period - Shot by Troy Terry. 4:34 of 1st period - Stopped by Anton Forsberg without a rebound. 4:35 of 1st period - Jordan Staal wins face-off versus Dylan Cozens in WINNIPEG BEAVERS zone. 6:14 of 1st period - Shot by Martin Necas. 6:14 of 1st period - Stopped by Anton Forsberg without a rebound. 6:15 of 1st period - Mathew Barzal wins face-off versus Joe Pavelski in WINNIPEG BEAVERS zone. 6:29 of 1st period - Off-side. 6:30 of 1st period - Jordan Staal wins face-off versus Dylan Larkin in neutral zone. 6:48 of 1st period - Minor Penalty to Ian Cole for Hooking. 6:49 of 1st period - Dylan Larkin wins face-off versus Sean Kuraly in WINNIPEG BEAVERS zone. 7:05 of 1st period - Shot by Mitchell Marner. 7:05 of 1st period - Stopped by Anton Forsberg without a rebound. 7:06 of 1st period - Mathew Barzal wins face-off versus Joe Thornton in WINNIPEG BEAVERS zone. 7:52 of 1st period - Shot by Troy Terry. 7:52 of 1st period - Goal by Troy Terry - SALEM BLACK JAYS : 2 - WINNIPEG BEAVERS : 0. 7:53 of 1st period - Joe Pavelski wins face-off versus Dylan Cozens in neutral zone. 8:12 of 1st period - Shot by Brad Marchand. 8:12 of 1st period - Shot Misses the Net. 8:17 of 1st period - Minor Penalty to Brad Marchand for Tripping. 8:18 of 1st period - Sean Kuraly wins face-off versus Dylan Larkin in WINNIPEG BEAVERS zone. 10:11 of 1st period - Shot by Mikko Rantanen. 10:11 of 1st period - Shot Misses the Net. 10:13 of 1st period - Shot by Mikko Rantanen. 10:13 of 1st period - Stopped by Anton Forsberg with a rebound. 10:15 of 1st period - Shot by Mikko Rantanen. 10:15 of 1st period - Stopped by Anton Forsberg with a rebound. 10:17 of 1st period - Shot by Mikko Rantanen. 10:17 of 1st period - Stopped by Anton Forsberg without a rebound. 10:18 of 1st period - Jordan Staal wins face-off versus Dylan Cozens in WINNIPEG BEAVERS zone. 10:55 of 1st period - Daniel Sprong is hit by Carson Soucy and loses puck. 11:22 of 1st period - Minor Penalty to Carson Soucy for High sticking. 11:22 of 1st period - Minor Penalty to Brian Boyle for Hooking. 11:23 of 1st period - Dylan Larkin wins face-off versus Joe Pavelski in WINNIPEG BEAVERS zone. 11:36 of 1st period - Shot by Mikko Rantanen. 11:36 of 1st period - Stopped by Anton Forsberg without a rebound. 11:37 of 1st period - Joe Pavelski wins face-off versus Dylan Larkin in WINNIPEG BEAVERS zone. 13:39 of 1st period - Icing by Carson Soucy. 13:40 of 1st period - Sean Kuraly wins face-off versus Dylan Larkin in WINNIPEG BEAVERS zone. 13:40 of 1st period - Sean Kuraly is hit by Dylan Larkin. 13:53 of 1st period - Brandon Tanev is hit by Urho Vaakanainen and loses puck. 14:07 of 1st period - Sean Kuraly is hit by Urho Vaakanainen and loses puck. 14:17 of 1st period - Rasmus Ristolainen is hit by Michael Del Zotto and loses puck. 14:41 of 1st period - Joe Thornton is hit by Urho Vaakanainen and loses puck. 16:10 of 1st period - Icing by Chris Tanev. 16:11 of 1st period - Joe Pavelski wins face-off versus Dylan Cozens in WINNIPEG BEAVERS zone. 16:21 of 1st period - Icing by Joshua Morrissey. 16:22 of 1st period - Jordan Staal wins face-off versus Dylan Co